 Dungeon Crawl Stone Soup version 0.22.1-2-g9c5b331 (webtiles) character file.

768 Lilu the Conjurer (level 7, -2/41 HPs)
             Began as a Deep Elf Conjurer on Nov 25, 2018.
             Was a Believer of Vehumet.
             Slain by a gnoll sergeant
             ... wielding a +0 trident
              (4 damage)
             ... on level 6 of the Dungeon.
             The game lasted 00:15:35 (6593 turns).

Lilu the Conjurer (Deep Elf Conjurer)               Turns: 6593, Time: 00:15:36

Health: -2/41      AC:  3    Str:  8    XL:     7   Next: 52%
Magic:  18/18      EV: 15    Int: 22    God:    Vehumet [**....]
Gold:   294        SH:  0    Dex: 15    Spells: 11/18 levels left

rFire    . . .     SeeInvis .   q - +0 trident (flame)
rCold    + . .     Gourm    .   (no shield)
rNeg     + + +     Faith    .   D - +1 robe of Beyond {*Slow rC+ rN+++} (curse)
rPois    .         Spirit   .   (no helmet)
rElec    .         Reflect  .   (no cloak)
rCorr    .         Harm     .   (no gloves)
MR       .....                  (no boots)
Stlth    ++........             (no amulet)
HPRegen  0.13/turn              z - +3 ring of strength
MPRegen  0.16/turn              (no ring)

@: very slightly contaminated, invisible
A: no striking features
a: Renounce Religion


You were on level 6 of the Dungeon.
You worshipped Vehumet.
Vehumet was pleased with you.
You were not hungry.

You visited 1 branch of the dungeon, and saw 6 of its levels.

You collected 294 gold pieces.

Inventory:

Hand Weapons
 m - a +2 dagger of venom
 q - a +0 trident of flaming (weapon)
 x - a +0 blowgun
Missiles
 k - 18 sling bullets
 u - 119 stones
 y - 14 poisoned needles (quivered)
Armour
 a - a +0 robe
 D - the cursed +1 robe of Beyond (worn) {*Slow rC+ rN+++}
   (You found it on level 5 of the Dungeon)

   It protects you from cold.
   It renders you almost immune to negative energy.
   It may slow you when you take damage.
   It has a curse placed upon it.
Magical Staves
 s - an uncursed staff of wizardry
Jewellery
 h - an uncursed ring of ice
 z - a +3 ring of strength (left hand)
 F - an uncursed amulet of guardian spirit {unknown}
Wands
 E - a wand of iceblast (2)
Scrolls
 e - 5 scrolls of teleportation
 g - 2 scrolls of enchant weapon {unknown}
 i - a scroll of immolation {unknown}
 l - 2 scrolls of amnesia
 o - 4 scrolls of remove curse
 A - 2 scrolls of identify {unknown}
 B - a scroll of fear {unknown}
 C - a scroll of fog
Potions
 b - a potion of haste {unknown}
 d - a potion of agility {unknown}
 f - a potion of brilliance {unknown}
 j - 2 potions of curing {unknown}
 n - a potion of degeneration {unknown}
 p - a potion of flight {unknown}
 r - 2 potions of might {unknown}
 t - a potion of magic {unknown}
 v - a potion of resistance {unknown}
Comestibles
 c - 9 rations
 G - 2 chunks of flesh


   Skills:
 + Level 3.1 Fighting
 + Level 5.4 Dodging
 - Level 2.4 Stealth
 + Level 6.0 Spellcasting
 * Level 6.6 Conjurations


You had 11 spell levels left.
You knew the following spells:

 Your Spells              Type           Power        Failure   Level  Hunger
a - Magic Dart            Conj           ####         1%          1    None
b - Searing Ray           Conj           #####.       1%          2    None
c - Iskenderun's Mystic   Conj           #####...     6%          4    ###....

Your spell library contained the following spells:

 Spells                   Type           Power        Failure   Level  Hunger
 Throw Frost              Conj/Ice       ###...       3%          2    None
 Dazzling Spray           Conj/Hex       ###...       7%          3    #......
 Force Lance              Conj/Tloc      ###.....     22%         4    ###....
 Fulminant Prism          Conj/Hex       ###.......   22%         4    ###....


Dungeon Overview and Level Annotations

Branches:
Dungeon (6/15)             Temple (0/1) D:4

Altars:
Cheibriados
Elyvilon
Gozag
Nemelex Xobeh
Okawaru
Qazlal
Vehumet
Wu Jian
Yredelemnul
The Shining One


Message History

The gnoll sergeant rages.
Press: ? - help, v - describe, . - travel
Here: a gnoll sergeant, wielding a trident, wearing a scale mail, wearing a The floor.
Unknown command.
The gnoll sergeant hits you with a trident!
The gnoll sergeant rages.
The gnoll sergeant hits you with a trident!
Okay, then.
You fade into invisibility!
The gnoll sergeant hits you with a trident!
* * * LOW HITPOINT WARNING * * *
You are very lightly contaminated with residual magic.
The gnoll sergeant closely misses you. The gnoll sergeant barely misses you.
Things that are here:
a club; a whip; a gnoll skeleton
There is a stone staircase leading up here.
The gnoll sergeant hits you with a trident.
You die...

.. .. #g#
#. #$##.#
#.## ..#g#
#..####.#.#
#.....#.#g#
#.##.#...#
#....##..#
#g#..##..#
#@#..g..>#
##.#.######
#.......#
#.##.####
#. #.# ..
### ###


You could see a gnoll sergeant (berserk).

Vanquished Creatures
  Sigmund (D:4)
  An ogre (D:4)
  A scorpion (D:4)
  A crimson imp (D:5)
  An orc priest (D:3)
  3 jellies (D:5)
  2 orc wizards
  An iguana (D:4)
  2 worker ants
  A hound skeleton (D:5)
  2 gnolls (D:6)
  6 adders
  An adder skeleton (D:5)
  2 worms
  4 dart slugs
  3 leopard geckos
  5 orcs
  6 bats
  6 giant cockroaches
  8 goblins
  A hobgoblin (D:3)
  15 jackals
  A quokka (D:4)
  5 frilled lizards
  6 kobolds
  11 rats
96 creatures vanquished.

Notes
Turn   | Place    | Note
-------+----------+-------------------------------------------
     0 | D:1      | Lilu the Deep Elf Conjurer began the quest for the Orb.
     0 | D:1      | Reached XP level 1. HP: 10/10 MP: 6/6
   616 | D:1      | Reached XP level 2. HP: 16/16 MP: 6/8
   620 | D:1      | Learned a level 2 spell: Searing Ray
  1295 | D:2      | Reached XP level 3. HP: 20/20 MP: 5/10
  1369 | D:2      | Reached skill level 1 in Fighting
  1445 | D:2      | Found a basalt altar of Yredelemnul.
  1625 | D:2      | Found a snail-covered altar of Cheibriados.
  1660 | D:2      | Found a glowing golden altar of the Shining One.
  1660 | D:2      | Found an iron altar of Okawaru.
  1660 | D:2      | Found an ornate altar of the Wu Jian Council.
  1662 | D:2      | Found a sparkling altar of Nemelex Xobeh.
  1662 | D:2      | Found a radiant altar of Vehumet.
  1662 | D:2      | Found a stormy altar of Qazlal.
  1683 | D:2      | Became a worshipper of Vehumet
  1711 | D:2      | Found an opulent altar of Gozag.
  1771 | D:2      | Found a white marble altar of Elyvilon.
  1990 | D:3      | Reached XP level 4. HP: 25/25 MP: 8/11
  2160 | D:3      | Reached skill level 5 in Conjurations
  2397 | D:3      | Learned a level 4 spell: Iskenderun's Mystic Blast
  2819 | D:3      | Reached XP level 5. HP: 30/30 MP: 10/13
  3072 | D:3      | Reached * piety under Vehumet
  3072 | D:3      | Offered knowledge of Shock by Vehumet.
  3481 | D:4      | Noticed Sigmund
  3762 | D:4      | Killed Sigmund
  3762 | D:4      | Reached skill level 5 in Spellcasting
  3762 | D:4      | Reached XP level 6. HP: 8/36 MP: 5/15
  4362 | D:4      | Found a staircase to the Ecumenical Temple.
  4479 | D:4      | Reached skill level 5 in Dodging
  4479 | D:4      | Reached XP level 7. HP: 40/40 MP: 12/17
  4617 | D:5      | Entered Level 5 of the Dungeon
  4991 | D:5      | Got a silken robe
  5002 | D:5      | Identified the cursed +1 robe of Beyond {*Slow rC+ rN+++}
                  | (You found it on level 5 of the Dungeon)
  5085 | D:5      | Offered knowledge of Throw Frost by Vehumet.
  5213 | D:5      | Reached ** piety under Vehumet
  6587 | D:6      | HP: 1/41 [gnoll sergeant/trident (13)]
  6593 | D:6      | Slain by a gnoll sergeant

Skill      XL: |  1  2  3  4  5  6  7 |
---------------+----------------------+-----
Dodging        | 3 4 5 |  5.4
Fighting       | 1 2 3 |  3.1
Spellcasting   | 4 5 6 |  6.0
Conjurations   | 5 6 |  6.6
Stealth        | |  2.4

Action                   |  1- 3 |  4- 6 |  7- 9 || total
-------------------------+-------+-------+-------++-------
Melee: Whip              |     2 |     1 |       ||     3
       Dagger            |       |       |    23 ||    23
       Trident           |       |       |     1 ||     1
 Cast: Magic Dart        |    75 |    79 |     9 ||   163
       Searing Ray       |     1 |    13 |    12 ||    26
       Iskenderun's Myst |       |     2 |       ||     2
  Use: Scroll            |       |     6 |       ||     6
       Potion            |       |       |     1 ||     1
  Eat: Chunk             |     3 |     5 |     3 ||    11
       Ration            |       |     1 |     1 ||     2
Armor: Robe              |       |     3 |     2 ||     5
Dodge: Dodged            |    13 |    29 |    27 ||    69
